 Dungeon Crawl Stone Soup version 0.21-a0-440-g28109cb (webtiles) character file.

721775 Gorice the Tortoise (level 27, -32/237 HPs)
             Began as a Demonspawn Wanderer on Nov 7, 2017.
             Was the Champion of Qazlal.
             Killed from afar by Meomuryk the pandemonium lord (62 damage)
             ... with an iron shot
             ... on level 3 of the Dungeon on Nov 11, 2017.
             The game lasted 08:16:31 (76912 turns).

Gorice the Tortoise (Demonspawn Wanderer)          Turns: 76912, Time: 08:16:32

Health: -32/237    AC: 43    Str: 26      XL:     27
Magic:  39/39      EV: 22    Int: 13 (14) God:    Qazlal [******]
Gold:   3175       SH: 22    Dex: 13      Spells: 27/50 levels left

rFire    + . .     SeeInvis +   b - +9 demon whip (freeze)
rCold    + + +     Gourm    .   D - +0 shield {AC+3}
rNeg     . . .     Faith    .   Y - +7 chain mail of Prudence {rF+ Regen+ Str+5 Int-2}
rPois    +         Spirit   .   (helmet unavailable)
rElec    +         Reflect  .   d - +1 cloak of Starlight {rElec rC+ EV+4 Stlth--}
rCorr    .         Harm     .   e - +2 pair of gloves {archery}
MR       ++...                  W - +2 pair of boots {run}
Stlth    ..........             P - amulet of Vitality {Regen+ HP+15}
HPRegen  1.29/turn              i - ring of see invisible
MPRegen  0.26/turn              V - +6 ring of slaying

@: about to teleport, protected from physical damage, hasted, repel missiles,
very quick
A: horns 3, icy blue scales 3, cold resistance 2, deterioration 1, dopey 1,
mutation resistance 1, passive freeze, poison resistance, powered by death 3,
screaming 1, spiny 3, no potion heal 1, freezing cloud immunity
0: Orb of Zot
}: 4/15 runes: decaying, serpentine, slimy, silver
a: Upheaval, Elemental Force, Disaster Area, Renounce Religion


You were on level 3 of the Dungeon.
You worshipped Qazlal.
Qazlal was exalted by your worship.
You were not hungry.

You visited 12 branches of the dungeon, and saw 58 of its levels.
You visited the Abyss 1 time.
You also visited: Ossuary and Ice Cave.

You collected 8580 gold pieces.
You spent 5405 gold pieces at shops.

Inventory:

Hand Weapons
 a - the +6 shillelagh "Devastator" {shatter}
   (You found it on level 14 of the Dungeon)
 b - a +9 demon whip of freezing (weapon)
   (You took it off Margery on level 4 of the Depths)
 B - a +6 blowgun
Missiles
 k - 5 needles of paralysis
 x - 14 javelins (quivered)
 H - 13 curare-tipped needles
 Z - 5 throwing nets
Armour
 d - the +1 cloak of Starlight (worn) {rElec rC+ EV+4 Stlth--}
   (You acquired it on level 1 of the Lair of Beasts)

   It affects your evasion (+4).
   It protects you from cold.
   It insulates you from electricity.
   It makes you much less stealthy.
 e - a +2 pair of gloves of archery (worn)
   (You found it on level 12 of the Dungeon)
 D - a +0 shield of protection (worn)
   (You took it off a tengu warrior on level 3 of the Depths)
 W - a +2 pair of boots of running (worn)
   (You bought it in a shop on level 8 of the Dungeon)
 Y - the +7 chain mail of Prudence (worn) {rF+ Regen+ Str+5 Int-2}
   (You bought it in a shop on level 1 of the Elven Halls)

   It affects your strength (+5).
   It affects your intelligence (-2).
   It protects you from fire.
   It increases your rate of regeneration.
Jewellery
 f - the ring of Usmablec {rCorr rF+}
   (You took it off a meliai on level 4 of the Lair of Beasts)

   [ring of resist corrosion]

   It protects you from fire.
 i - a ring of see invisible (left hand)
 m - an uncursed ring of protection from magic
 F - an uncursed ring of positive energy
 P - the amulet of Vitality (around neck) {Regen+ HP+15}
   (You found it on level 5 of the Pits of Slime)

   [amulet of regeneration]

   It affects your health (+15).
   It increases your rate of regeneration.
 T - a +4 ring of slaying
 V - a +6 ring of slaying (right hand)
Wands
 h - a wand of paralysis (15/24)
 u - a wand of clouds (6/9)
 E - a wand of digging (16/24)
 G - a wand of scattershot (8/9)
 L - a wand of paralysis (11/24)
Scrolls
 c - 6 scrolls of teleportation {!r}
 j - a scroll of amnesia
 l - 4 scrolls of fear {!r}
 o - 16 scrolls of identify
 p - a scroll of recharging
 r - 5 scrolls of silence {!r}
 y - 8 scrolls of fog
 A - a scroll of enchant armour
 K - 21 scrolls of remove curse
 M - 9 scrolls of magic mapping {!r}
 N - a scroll of summoning {!r}
 O - 3 scrolls of blinking
Potions
 n - 21 potions of curing
 q - 2 potions of resistance {!q}
 t - 8 potions of berserk rage
 v - 5 potions of cancellation {!q}
 z - 4 potions of mutation {!q}
 I - 5 potions of heal wounds {!q}
 J - a potion of haste {!q}
 R - a potion of agility {!q}
 U - a potion of magic {!q}
Miscellaneous
 s - a box of beasts
 w - 3 phantom mirrors
Comestibles
 g - 24 royal jellies


   Skills:
 + Level 19.3 Fighting
 - Level 20.0 Maces & Flails
   Level 1.0 Polearms
 - Level 11.4 Throwing
 + Level 20.4 Armour
 + Level 16.4 Dodging
 - Level 1.0 Stealth
 - Level 15.0 Shields
 - Level 12.0 Spellcasting
 - Level 8.1 Hexes
 - Level 8.0 Charms
 - Level 15.5 Summonings
 - Level 9.0 Necromancy
 - Level 8.0 Translocations
 - Level 18.0 Invocations
 - Level 10.0 Evocations


You had 27 spell levels left.
You knew the following spells:

 Your Spells              Type           Power        Failure   Level  Hunger
d - Vampiric Draining     Necr           ####......   1%          3    None
p - Portal Projectile     Hex/Tloc       ####..       2%          3    None
v - Summon Mana Viper     Hex/Summ       #####...     5%          5    #####..
w - Spectral Weapon       Hex/Chrm       ####....     2%          3    None
A - Apportation           Tloc           ####..       1%          1    None
B - Summon Butterflies    Summ           #####...     1%          1    None
J - Blink                 Tloc           N/A          1%          2    None
R - Regeneration          Chrm/Necr      ####......   2%          3    None
S - Swiftness             Chrm/Air       ###.....     8%          2    None


Dungeon Overview and Level Annotations

Branches:
Dungeon (15/15) Temple (1/1) D:4 Lair (6/6) D:11 Swamp (4/4) Lair:4 Snake (4/4) Lair:2 Slime (5/5) Lair:6 Orc (2/2) D:9 Elf (3/3) Orc:2 Vaults (5/5) D:14 Crypt (3/3) Vaults:2 Tomb (0/3) Crypt:2 Crypt:3 Depths (5/5) D:15 Zot (5/5) Depths:5

Altars:
Ashenzari
Cheibriados
Dithmenos
Elyvilon
Fedhas
Gozag
Hepliaklqana
Kikubaaqudgha
Makhleb
Nemelex Xobeh
Okawaru
Qazlal
Ru
Sif Muna
Trog
Uskayaw
Vehumet
Wu Jian
Xom
Yredelemnul
Zin
The Shining One
Jiyva

Shops:
D:4 [   D:8 }[*(   D:10 (   D:11 =   Orc:1 :[*(   Orc:2 (:*[[   Elf:1 ![[=
Snake:4 [   Vaults:2 *   Depths:1 %=   Depths:4 =}=%

Portals:
Hell: Depths:1 Depths:2 Depths:3 Depths:4 Depths:5
Abyss: Depths:2 Depths:4
Pandemonium: Depths:1 Depths:2 Depths:3
Ziggurat: Depths:2

Annotations:
Swamp:3 exclusion: Roxanne, Roxanne
Depths:5 1 runed door


Innate Abilities, Weirdness & Mutations

You have a pair of large horns on your head.
You are completely covered in icy blue scales. (AC +4, rC+)
Your flesh is very cold resistant. (rC++)
A frigid envelope surrounds you and freezes all who hurt you.
You regenerate a lot of health from kills.
You are completely covered in sharp spines.
You are immune to freezing clouds.
Your body sometimes deteriorates upon taking damage.
You are dopey. (Int -2)
You are somewhat resistant to further mutation.
Your system is resistant to poisons. (rPois)
You occasionally shout uncontrollably at your foes.
Potions are less effective at restoring your health.


Message History

* * * LOW HITPOINT WARNING * * *
Damage: 48 (max 48) Unknown command.
Unknown command.
Unknown command.
Your blink will be uncontrolled - continue anyway?
Okay, then.
As you read the scroll of fog, it crumbles to dust.
The scroll dissolves into smoke.
A sixfirhy, an ice devil and a pandemonium lord come into view.
An Ice Fiend comes into view.
You shout at the Ice Fiend!
The Ice Fiend roars!
Really quaff
I - 6 potions of heal wounds {!q}?
Your system partially rejects the healing.
You feel much better. You block the sixfirhy's attack.
The sixfirhy is struck by your spines. The sixfirhy completely misses you.
Really read
c - 7 scrolls of teleportation {!r}?
As you read the scroll of teleportation {!r}, it crumbles to dust.
You feel strangely unstable.
You feel the Orb delaying your translocation!
Really quaff
J - 2 potions of haste {!q}?
You feel yourself speed up. The Ice Fiend is struck by your spines.
The Ice Fiend claws you.
* * * LOW HITPOINT WARNING * * *
The Ice Fiend freezes you. You resist.
* * * LOW HITPOINT WARNING * * *
The Ice Fiend completely resists.
The Ice Fiend completely misses you.
Damage: 9 (max 48)
You block the sixfirhy's attack. You block the sixfirhy's attack. x2
The sixfirhy is struck by your spines.
You kill the sixfirhy!
Qazlal accepts your kill.
Things that are here:
a leather armour; a dagger Meomuryk gestures.
Meomuryk seems to speed up.
There is a stone staircase leading down, spattered with blood here.
The Ice Fiend gestures at you. The bolt of cold hits you!
You feel protected from cold.
There is a stone staircase leading up here.
You see here a scale mail.
You hear a shout!
Meomuryk gestures at you. The iron shot hits you!
Your resistance to cold fades away.
You feel protected from physical attacks.
You die...

#######.# #........##..##
##...#...## ##...§.§.....###
##.........## #.§.1§..#.#....
#...........# ##4§&§....####.
#...........#####.§§§§§..####.
###................§1§§§§.......
#............######...§§§......#
#..............)§§§&§§1§§§......
#..........#...@§§.....§§.......
#.........†#......§......§......
#.........)..§.§................
#.............................1#
############...................#
#.[..................
#...........)...##.#.
#...............#..##
#...............#.###


You could see Meomuryk, a Hell Sentinel and an Ice Fiend.

Vanquished Creatures
  the Royal Jelly (Slime:5)
  7 orbs of fire
  Mennas (Vaults:1)
  A juggernaut (Depths:5)
  Mara (Crypt:3)
  6 ancient liches
  Sojobo (Crypt:1)
  Margery (Depths:4)
  Bai Suzhen (Crypt:2)
  the Lernaean hydra (Swamp:4)
  Saint Roka (Vaults:1)
  3 Killer Klowns
  A caustic shrike (Depths:2)
  3 curse toes
  8 golden dragons
  Jory (Vaults:3)
  Nikola (Swamp:3)
  A Tzitzimitl (D:3)
  5 electric golems
  Rupert (Orc:2)
  15 tentacled monstrosities
  A Hell Sentinel (Zot:5)
  7 liches
  5 titans (Vaults:5)
  3 deep elf blademasters
  19 Orb Guardians
  7 quicksilver dragons
  Frances (Swamp:2)
  2 deep elf master archers (Elf:3)
  An Executioner (Abyss:2)
  2 sphinxes
  8 ancient champions
  6 death cobs
  7 tengu reavers
  4 thorn hunters
  39 acid blobs
  13 shadow dragons
  2 tentacled starspawn (Abyss:2)
  18 azure jellies
  18 storm dragons
  9 nagarajas
  2 revenants
  10 fire giants
  10 deep elf sorcerers
  3 draconian monks
  2 draconian scorchers (Zot:1)
  5 draconian knights
  An orc warlord (Orc:1)
  13 frost giants
  2 iron dragons
  17 vault wardens
  3 ghost moths
  Aizul (Snake:1)
  7 draconian shifters
  6 ghouls
  An angel (D:3)
  4 draconian stormcallers
  4 deep elf elementalists (Elf:3)
  5 curse skulls
  5 spriggan defenders
  14 ironheart preservers
  29 stone giants
  3 draconian annihilators
  10 very ugly things
  An entropy weaver (Vaults:2)
  17 green draconians
  A lorocyproca (Depths:2)
  4 vampire knights
  10 black draconians
  Nessos (Orc:2)
  13 white draconians
  5 deep elf demonologists
  10 yellow draconians
  3 spark wasps (Depths:2)
  14 deep elf annihilators
  10 red draconians
  10 eidola
  2 crystal guardians
  8 purple draconians
  12 deep elf death magi
  19 ettins
  6 jiangshi
  2 minotaurs (D:13)
  Josephine (D:15)
  A merfolk impaler (Depths:2)
  13 death oozes
  A minotaur (shapeshifter) (D:14)
  4 deep elf high priests
  14 yaktaur captains
  13 fire dragons
  22 great orbs of eyes
  7 ice dragons
  A quicksilver dragon skeleton (Crypt:2)
  Erolcha (D:9)
  29 hydras
  2 ghost crabs
  A monstrous demonspawn (Depths:2)
  16 anacondas
  4 spriggan air magi
  35 vault guards
  2 rakshasas
  10 naga warriors
  A catoblepas (Lair:6)
  4 death knights
  9 centaur warriors
  14 ogre magi
  10 deep troll earth magi
  22 dancing weapons
  8 deep troll shamans
  40 two-headed ogres
  2 two-headed ogres (shapeshifter)
  8 tengu warriors
  8 alligators
  11 naga sharpshooters
  A hell hog (Abyss:2)
  6 death yaks
  2 soul eaters
  7 vampire magi
  8 shock serpents
  2 orc high priests (Orc:2)
  7 spriggan berserkers
  Sonja (D:11)
  Nergalle (Lair:3)
  23 deep elf knights
  2 sun demons
  An iron troll (Depths:1)
  13 hell knights
  5 shadow wraiths
  A storm dragon zombie (Depths:5)
  A sixfirhy (D:3)
  5 salamander mystics
  A golden dragon zombie (Depths:3)
  14 skeletal warriors
  2 spriggan druids (Swamp:3)
  4 large abominations (Abyss:2)
  4 unseen horrors
  6 sea snakes (Snake:2)
  11 swamp dragons
  38 deep trolls
  4 wizards
  7 glowing orange brains
  7 flayed ghosts
  18 deep elf archers
  A shadow dragon zombie (Crypt:3)
  9 naga ritualists
  2 harpies (Vaults:2)
  A torturous demonspawn (Depths:2)
  An obsidian statue (D:15)
  A tengu zombie (Depths:3)
  15 ironbrand convokers
  10 necromancers
  2 lindwurms
  3 cyclopes
  14 phantasmal warriors
  10 orc knights
  11 oklob plants (Zot:4)
  9 mana vipers
  58 deep elf magi
  7 shining eyes
  4 wolf spiders
  A stone giant zombie (Crypt:1)
  A shadow dragon skeleton (Depths:5)
  45 ugly things
  An iron dragon zombie (Crypt:3)
  A cyclops (shapeshifter) (Depths:2)
  5 orc sorcerers
  A shining eye (shapeshifter) (Vaults:5)
  A manticore (shapeshifter) (Depths:3)
  26 moths of wrath
  12 salamanders
  2 centaur zombies (D:14)
  A guardian serpent (Snake:2)
  36 black mambas
  An ice statue (IceCv)
  2 orange demons
  4 torpor snails
  8 vault sentinels
  14 naga magi
  11 elephants
  3 eyes of devastation
  2 frost giant skeletons
  A gargoyle (D:12)
  A death yak zombie (Crypt:1)
  24 spiny frogs
  A rust devil (Depths:2)
  2 spiny frogs (shapeshifter)
  2 hellions
  8 smoke demons
  4 rime drakes
  87 yaktaurs
  2 kobold demonologists (D:13)
  A yaktaur (shapeshifter) (D:14)
  12 freezing wraiths
  A red draconian skeleton (Crypt:1)
  A hellwing (D:8)
  A hydra zombie (Crypt:1)
  An alligator snapping turtle skeleton (Crypt:2)
  A meliai (shapeshifter) (Vaults:2)
  3 small abominations
  5 red devils
  An ancient zyme (Abyss:2)
  A pale draconian skeleton (Crypt:1)
  8 trolls
  A minotaur zombie (Crypt:1)
  A queen bee (shapeshifter) (Vaults:1)
  6 komodo dragons
  3 tengu conjurers
  A troll (shapeshifter) (Vaults:5)
  3 meliai (Lair:4)
  A queen bee (Lair:4)
  A hydra skeleton (Crypt:1)
  31 polar bears
  24 blink frogs
  Prince Ribbit (D:5)
  6 tyrant leeches
  17 hornets
  A hippogriff (shapeshifter) (Depths:2)
  6 dream sheep
  5 raiju
  Grinder (D:5)
  9 hippogriffs
  105 slime creatures
  3 blink frogs (shapeshifter)
  5 bog bodies
  An iron dragon simulacrum (Depths:3)
  A dream sheep (shapeshifter) (Vaults:1)
  A stone giant simulacrum (Crypt:1)
  A meliai zombie (D:13)
  4 air elementals
  2 flying skulls
  8 shadows
  A dire elephant simulacrum (Abyss:2)
  3 redbacks (Vaults:2)
  2 spriggans (shapeshifter)
  A ynoxinul (Abyss:2)
  A redback (shapeshifter) (Vaults:5)
  A tarantella (shapeshifter) (Vaults:4)
  11 spriggans
  5 fire bats (Lair:3)
  3 ice dragon skeletons
  6 wyverns
  6 water elementals
  83 yaks
  Grum (D:9)
  A fire bat (shapeshifter) (D:14)
  A fire elemental (Elf:3)
  11 golden eyes (Slime:5)
  8 wraiths
  6 basilisks
  19 vampire mosquitoes
  A glowing shapeshifter zombie (Crypt:3)
  A deep troll zombie (Crypt:1)
  17 insubstantial wisps
  49 nagas
  A steam dragon (Lair:4)
  Edmund (D:6)
  22 swamp worms
  14 wargs
  12 water moccasins
  Menkaure (D:7)
  3 acid dragons
  Duvessa (D:4)
  7 porcupines
  A soldier ant (D:14)
  11 hell hounds (Lair:6)
  6 sky beasts
  35 orc warriors
  3 phantoms
  13 swamp drakes
  An ettin simulacrum (Crypt:1)
  13 eyes of draining
  16 ice beasts
  11 black bears (Lair:6)
  11 centaurs
  28 ogres
  2 necrophages
  43 wolves
  A manticore skeleton (Crypt:1)
  3 boggarts (Depths:1)
  A snapping turtle skeleton (Crypt:1)
  17 crocodiles
  2 big kobolds (D:13)
  A big kobold (shapeshifter) (Depths:1)
  19 bullfrogs
  A gnoll sergeant (D:9)
  Dowan (D:4)
  5 earth elementals
  9 water moccasin zombies (Ossuary)
  A raiju zombie (Crypt:1)
  A wyvern skeleton (D:14)
  6 scorpions
  48 killer bees
  12 wights
  7 electric eels
  3 howler monkeys (D:8)
  3 spriggan skeletons
  7 crimson imps
  4 hounds
  2 quasits
  A bullfrog zombie (D:13)
  4 jellies
  13 orc priests
  2 bullfrog skeletons (D:11)
  9 centaur skeletons
  Terence (D:3)
  9 iguanas
  24 orc wizards
  6 hell rats (Lair:5)
  12 worker ants
  4 big kobold zombies (Ossuary)
  A naga zombie (Crypt:1)
  An acid dragon zombie (Crypt:2)
  A centaur simulacrum (D:10)
  A hound zombie (D:5)
  2 mummies (Ossuary)
  A howler monkey zombie (D:8)
  2 howler monkey skeletons
  7 adders
  13 gnolls
  A river rat (shapeshifter) (Vaults:4)
  A shadow imp (D:9)
  6 white imps
  2 oozes (D:4)
  4 adder zombies (Ossuary)
  A halfling skeleton (Crypt:3)
  3 worms
  4 dart slugs
  3 leopard geckos
  69 orcs
  A bat skeleton (Crypt:3)
  4 giant cockroaches
  12 goblins
  5 hobgoblins
  9 jackals
  6 quokkas
  A river rat zombie (Crypt:2)
  2 ball pythons
  2 ball python zombies
  9 bats
  6 frilled lizards
  2 gnoll zombies (Ossuary)
  A hobgoblin skeleton (Crypt:3)
  A hobgoblin zombie (Ossuary)
  A jackal skeleton (D:4)
  8 kobolds
  4 kobold zombies (Ossuary)
  A leopard gecko skeleton (D:4)
  A leopard gecko zombie (Crypt:3)
  2 orc zombies (Ossuary)
  A quokka skeleton (Crypt:1)
  8 rats
  3 briar patches (Swamp:3)
  A bush (Zot:4)
  2 crawling corpses
  5 fungi (Zot:4)
  4 plants
2765 creatures vanquished.

Vanquished Creatures (collateral kills)
  A deep elf archer (Vaults:3)
1 creature vanquished.

Vanquished Creatures (others)
  A golden dragon (Vaults:5)
  An eldritch tentacle (Zot:5)
  A tengu reaver (Crypt:1)
  A necromancer (Depths:5)
  2 deep elf magi
  A hippogriff (shapeshifter) (Depths:5)
  A water elemental (Elf:3)
  An air elemental (Depths:5)
  A yak (IceCv)
  A golden eye (Slime:5)
  An orc warrior (D:13)
  3 wolves (IceCv)
  A jelly (D:10)
  2 orc wizards (D:6)
  An orc (D:6)
  A quokka (D:7)
  2 bushes
  38 fungi
  50 plants
  4 starspawn tentacles (Abyss:2)
114 creatures vanquished.

Grand Total: 2880 creatures vanquished

Notes
Turn   | Place    | Note
-------+----------+-------------------------------------------
     0 | D:1      | Gorice the Demonspawn Wanderer began the quest for the Orb.
     0 | D:1      | Gorice set off with: 2 curare-tipped needles, a +2 blowgun, Plog's Volume of Conjuration, Sintud's Almanac of the Traveller, a +0 robe, a bread ration {!e}
     0 | D:1      | Reached XP level 1. HP: 16/16 MP: 3/3
     0 | D:1      | Identified Plog's Volume of Conjuration
     0 | D:1      | Identified Sintud's Almanac of the Traveller
     2 | D:1      | Learned a level 1 spell: Apportation
   343 | D:1      | Gained mutation: You have a pair of small horns on your head. [demonic ancestry]
   343 | D:1      | Reached XP level 2. HP: 13/23 MP: 5/5
   536 | D:1      | Reached skill level 1 in Armour
  1222 | D:2      | Reached skill level 3 in Fighting
  1222 | D:2      | Gained mutation: You are partially covered in sharp spines. [demonic ancestry]
  1222 | D:2      | Reached XP level 3. HP: 26/29 MP: 6/6
  1833 | D:2      | Found a faded altar of an unknown god.
  1889 | D:2      | Noticed a water elemental
  1890 | D:2      | Found a stormy altar of Qazlal.
  1901 | D:2      | Reached skill level 2 in Armour
  1924 | D:2      | Noticed a fire elemental
  1925 | D:2      | Noticed an earth elemental
  1925 | D:2      | Noticed an air elemental
  1930 | D:2      | Became a worshipper of Qazlal Stormbringer
  2187 | D:2      | Gained mutation: You are partially covered in icy blue scales. (AC +2) [demonic ancestry]
  2187 | D:2      | Reached XP level 4. HP: 31/35 MP: 7/7
  2250 | D:3      | Noticed Terence
  2257 | D:3      | Killed Terence
  2257 | D:3      | Reached skill level 1 in Maces & Flails
  2605 | D:4      | Reached * piety under Qazlal
  2633 | D:3      | HP: 4/35 [scorpion (8)]
  2645 | D:3      | Reached skill level 2 in Maces & Flails
  2645 | D:3      | Reached XP level 5. HP: 5/41 MP: 8/8
  3029 | D:4      | Noticed Duvessa
  3035 | D:4      | Killed Duvessa
  3035 | D:4      | Reached skill level 3 in Maces & Flails
  3035 | D:4      | Reached skill level 3 in Armour
  3035 | D:4      | Reached XP level 6. HP: 38/47 MP: 9/9
  3038 | D:4      | Noticed Dowan
  3045 | D:4      | Killed Dowan
  3049 | D:4      | Reached skill level 4 in Maces & Flails
  3233 | D:4      | Found a staircase to the Ecumenical Temple.
  3251 | Temple   | Entered the Ecumenical Temple
  3595 | D:4      | Noticed a sky beast
  3601 | D:4      | Killed a sky beast
  3601 | D:4      | Reached XP level 7. HP: 52/52 MP: 10/10
  3654 | D:4      | Reached skill level 4 in Armour
  3661 | D:4      | Reached skill level 5 in Maces & Flails
  3706 | D:4      | Found Wytacleh's Antique Armour Shoppe.
  4534 | D:5      | Entered Level 5 of the Dungeon
  4534 | D:5      | Found a blossoming altar of Fedhas.
  4539 | D:5      | Noticed Grinder
  4545 | D:5      | Paralysed by Grinder for 2 turns
  4548 | D:5      | Killed Grinder
  4548 | D:5      | Reached skill level 6 in Maces & Flails
  4554 | D:5      | Reached XP level 8. HP: 55/58 MP: 11/11
  4723 | D:5      | Reached ** piety under Qazlal
  4723 | D:5      | Reached skill level 5 in Armour
  4756 | D:5      | Found a white marble altar of Elyvilon.
  4805 | D:5      | Reached skill level 7 in Maces & Flails
  4931 | D:5      | Noticed Prince Ribbit
  4946 | D:5      | Killed Prince Ribbit
  4976 | D:4      | Found an iron altar of Okawaru.
  4976 | D:4      | Found a shimmering altar of Xom.
  4979 | D:4      | Found a basalt altar of Yredelemnul.
  5130 | D:5      | You fall through a shaft!
  5168 | D:6      | Reached skill level 8 in Maces & Flails
  5168 | D:6      | Reached skill level 6 in Armour
  5383 | D:6      | Noticed Edmund
  5397 | D:6      | Killed Edmund
  5397 | D:6      | Reached XP level 9. HP: 53/64 MP: 12/12
  5436 | D:6      | Upgraded the game from 0.21-a0-426-g98080a9 to 0.21-a0-437-ge5bf024
  5520 | D:6      | Found an ancient bone altar of Kikubaaqudgha.
  5521 | D:6      | Found a sacrificial altar of Ru.
  5890 | D:6      | Found a snail-covered altar of Cheibriados.
  6065 | D:7      | Found a sand-covered staircase.
  6165 | Ossuary  | Entered an ossuary
  6185 | Ossuary  | Reached skill level 9 in Maces & Flails
  6249 | Ossuary  | Reached *** piety under Qazlal
  6250 | Ossuary  | Reached skill level 7 in Armour
  6435 | D:7      | Reached skill level 10 in Maces & Flails
  6937 | D:7      | Noticed Menkaure
  6959 | D:7      | Killed Menkaure
  6959 | D:7      | Gained mutation: You have a pair of horns on your head. [demonic ancestry]
  6959 | D:7      | Reached XP level 10. HP: 70/70 MP: 13/13
  7258 | D:7      | Found a deep blue altar of Sif Muna.
  7645 | D:8      | Found Vogoanu's Assorted Antiques.
  7880 | D:8      | Reached skill level 8 in Armour
  8079 | D:8      | Found a deep blue altar of Sif Muna.
  8104 | D:8      | Found a burning altar of Makhleb.
  8229 | D:8      | Noticed a two-headed ogre
  8236 | D:8      | Killed a two-headed ogre
  8236 | D:8      | Reached skill level 11 in Maces & Flails
  8258 | D:8      | Found a burning altar of Makhleb.
  8422 | D:8      | Found Acrieror's Antique Armour Shoppe.
  8434 | D:8      | Bought a pair of runed boots for 225 gold pieces
  8439 | D:8      | Identified a +0 pair of boots of running (You bought it in a shop on level 8 of the Dungeon)
  8439 | D:8      | --Thought: they better be speedboots for that $
  8439 | D:8      | --and they were!
  8466 | D:8      | Found Hibar's Gadget Shop.
  8560 | D:8      | Found Dureuk's Weapon Boutique.
  8900 | D:9      | Noticed Erolcha
  8919 | D:9      | Reached **** piety under Qazlal
  8926 | D:9      | Killed Erolcha
  8956 | D:9      | Found a stormy altar of Qazlal.
  8981 | D:9      | Noticed a two-headed ogre
  8987 | D:9      | Killed a two-headed ogre
  8987 | D:9      | Reached skill level 12 in Maces & Flails
  8987 | D:9      | Reached skill level 9 in Armour
  8987 | D:9      | Reached XP level 11. HP: 68/75 MP: 14/14
  9054 | D:9      | Reached skill level 1 in Invocations
  9155 | D:9      | Reached skill level 2 in Invocations
  9307 | D:9      | Paralysed by an orc wizard for 5 turns
  9362 | D:9      | Found an opulent altar of Gozag.
  9413 | D:9      | Reached skill level 3 in Invocations
  9423 | D:9      | Noticed Grum
  9438 | D:9      | Killed Grum
  9457 | D:9      | Found a staircase to the Orcish Mines.
  9667 | D:10     | Entered Level 10 of the Dungeon
  9685 | D:10     | Reached skill level 4 in Invocations
  9875 | D:10     | Reached skill level 5 in Invocations
 10048 | D:9      | Reached ***** piety under Qazlal
 10087 | D:10     | Reached skill level 10 in Armour
 10087 | D:10     | Reached skill level 6 in Invocations
 10218 | D:10     | Found Beuschan's Antique Weapon Shoppe.
 10252 | D:10     | Noticed a two-headed ogre
 10276 | D:10     | Killed a two-headed ogre
 10276 | D:10     | Reached skill level 7 in Invocations
 10457 | D:10     | Found a blossoming altar of Fedhas.
 10650 | D:11     | Found Nami's Jewellery Emporium.
 10685 | D:11     | Noticed Sonja
 10691 | D:11     | Killed Sonja
 10744 | D:11     | Reached skill level 8 in Invocations
 10877 | D:11     | Noticed a red ugly thing
 11032 | D:11     | HP: 20/75 [ice beast (10)]
 11051 | D:11     | HP: 12/75 [red ugly thing (21)]
 11053 | D:11     | Killed a red ugly thing
 11058 | D:11     | HP: 12/75 [killer bee (2)]
 11064 | D:11     | HP: 9/75 [poisoned by a killer bee]
 11069 | D:11     | HP: 8/75 [poisoned by a killer bee]
 11074 | D:10     | HP: 7/75 [poisoned by a killer bee]
 11082 | D:10     | HP: 7/75 [poisoned by a killer bee]
 11489 | D:11     | Reached skill level 9 in Invocations
 11672 | D:11     | Reached skill level 11 in Armour
 11727 | D:11     | Found a staircase to the Lair.
 11763 | D:11     | Found a sparkling altar of Nemelex Xobeh.
 11771 | D:11     | Gained mutation: You are mostly covered in icy blue scales. (AC +3) [demonic ancestry]
 11771 | D:11     | Reached XP level 12. HP: 77/81 MP: 18/18
 11784 | D:11     | Noticed a two-headed ogre
 11792 | D:11     | Killed a two-headed ogre
 12022 | D:11     | Reached skill level 10 in Invocations
 12506 | D:4      | Bought a runed plate armour for 650 gold pieces
 12703 | Lair:1   | Entered Level 1 of the Lair of Beasts
 13041 | Lair:1   | Noticed an eight-headed hydra
 13079 | D:11     | Killed an eight-headed hydra
 13079 | D:11     | Reached skill level 11 in Invocations
 13576 | Lair:1   | Reached skill level 4 in Fighting
 13576 | Lair:1   | Reached skill level 12 in Armour
 14622 | Lair:2   | Found a staircase to the Snake Pit.
 15107 | Lair:3   | Noticed Nergalle
 15115 | Lair:3   | Killed Nergalle
 15115 | Lair:3   | Reached skill level 5 in Fighting
 15262 | Lair:3   | Reached skill level 6 in Fighting
 15914 | Lair:4   | Noticed a four-headed hydra
 15998 | Lair:3   | Reached XP level 13. HP: 85/94 MP: 21/21
 16330 | Lair:3   | Reached skill level 7 in Fighting
 16403 | Lair:3   | Reached skill level 13 in Armour
 16623 | Lair:3   | Reached ****** piety under Qazlal
 16683 | Lair:3   | Reached skill level 8 in Fighting
 17092 | Lair:4   | Found a staircase to the Swamp.
 17510 | Lair:4   | Reached skill level 9 in Fighting
 17521 | Lair:4   | HP: 25/101 [spiny frog (9)]
 17529 | Lair:4   | HP: 23/101 [poisoned by a killer bee]
 17539 | Lair:4   | HP: 26/101 [lindwurm/blast of flame (23)]
 17544 | Lair:4   | HP: 28/101 [lindwurm (4)]
 17566 | Lair:4   | HP: 30/101 [wyvern (3)]
 17588 | Lair:4   | HP: 21/101 [queen bee (11)]
 18019 | Lair:4   | Got a wavering glass ring
 18443 | Lair:4   | Identified the ring of Usmablec {rCorr rF+} (You took it off a meliai on level 4 of the Lair of Beasts)
 18535 | Lair:5   | Reached skill level 14 in Armour
 18827 | Lair:5   | Reached skill level 10 in Fighting
 19213 | Lair:5   | Identified the Guide on Shifting Orientation
 19272 | Lair:5   | Gained mutation: You regenerate a little health from kills. [demonic ancestry]
 19272 | Lair:5   | Reached XP level 14. HP: 110/110 MP: 22/22
 19453 | Lair:5   | Got a fine iron ring
 19532 | Lair:5   | Identified the ring of Pyhuan {rPois Stlth-} (You found it on level 5 of the Lair of Beasts)
 19803 | Lair:6   | Entered Level 6 of the Lair of Beasts
 19890 | Lair:5   | Reached skill level 1 in Evocations
 19975 | Lair:5   | Reached skill level 2 in Evocations
 20246 | Lair:6   | Found a snail-covered altar of Cheibriados.
 20268 | Lair:6   | Reached skill level 3 in Evocations
 20629 | Lair:6   | Reached skill level 11 in Fighting
 20629 | Lair:6   | Reached skill level 4 in Evocations
 20978 | Lair:6   | Found a viscous altar of Jiyva.
 20979 | Lair:6   | Found a staircase to the Slime Pits.
 21226 | Lair:6   | Reached skill level 5 in Evocations
 21498 | Lair:6   | Reached skill level 15 in Armour
 21795 | Lair:6   | Reached skill level 6 in Evocations
 22142 | Lair:6   | Got a smoking garnet amulet
 22145 | Lair:6   | Identified the amulet "Diufruh" {RegenMP rElec Str-4 Dex+3 Slay+2 SInv} (You found it on level 6 of the Lair of Beasts)
 22567 | Orc:1    | Entered Level 1 of the Orcish Mines
 22589 | Orc:1    | Found Haschukkuk's Antique Weapon Shop.
 22639 | Orc:1    | Found Hepsofou's Armour Shop.
 22726 | Orc:1    | Found Urumuiw's General Store.
 22734 | Orc:1    | Bought a scroll of identify for 20 gold pieces
 22734 | Orc:1    | Bought a scroll of fear for 35 gold pieces
 22836 | Orc:2    | Entered Level 2 of the Orcish Mines
 22836 | Orc:2    | Found Saqyela's Armour Shoppe.
 23250 | Orc:2    | Found a staircase to the Elven Halls.
 23254 | Orc:2    | Noticed Rupert
 23266 | Orc:2    | Noticed an orc warlord
 23272 | Orc:2    | Killed Rupert
 23272 | Orc:2    | Reached skill level 12 in Fighting
 23272 | Orc:2    | Reached XP level 15. HP: 64/120 MP: 23/23
 23499 | Orc:1    | Killed an orc warlord
 23752 | Orc:2    | Reached skill level 7 in Evocations
 23831 | Orc:2    | Noticed Nessos
 23856 | Orc:2    | Killed Nessos
 24050 | Orc:2    | Found Boxaf's General Store.
 24161 | Orc:2    | Found Unasated's Book Shop.
 24214 | Orc:2    | Found Kaythot's Antique Weapon Shoppe.
 24279 | Orc:2    | Found Yruowoemi's Antique Armour Shoppe.
 24287 | Orc:2    | Bought a cloak for 103 gold pieces
 24603 | Orc:1    | Found Jurcha's Book Shoppe.
 24704 | Orc:2    | Bought a +4 plate armour of fire resistance for 600 gold pieces
 25952 | D:13     | Reached skill level 8 in Evocations
 26386 | D:13     | Reached skill level 13 in Fighting
 27206 | D:14     | Found a sparkling altar of Nemelex Xobeh.
 27210 | D:14     | Found a frozen archway.
 27274 | D:14     | Reached skill level 9 in Evocations
 27297 | IceCv    | Entered an ice cave
 27322 | IceCv    | Reached skill level 16 in Armour
 27880 | IceCv    | Noticed a frost giant
 27892 | IceCv    | Killed a frost giant
 27892 | IceCv    | Reached XP level 16. HP: 87/131 MP: 24/24
 28114 | D:14     | Noticed a storm dragon
 28114 | D:14     | an azure jelly changed into a storm dragon
 28146 | D:14     | Noticed a storm dragon
 28155 | D:14     | a storm dragon changed into a catoblepas
 28451 | D:14     | Found the +6 shillelagh "Devastator" {shatter}
 28540 | D:14     | Found a gate to the Vaults.
 29108 | Lair:1   | Upgraded the game from 0.21-a0-437-ge5bf024 to 0.21-a0-440-g28109cb
 29201 | D:15     | Entered Level 15 of the Dungeon
 29257 | D:15     | Noticed Josephine
 29263 | D:15     | Killed Josephine
 29286 | D:15     | Reached skill level 10 in Evocations
 29468 | D:15     | Reached skill level 14 in Fighting
 29712 | D:15     | Found a staircase to the Depths.
 30221 | Swamp:1  | Entered Level 1 of the Swamp
 30555 | Swamp:1  | Reached skill level 13 in Maces & Flails
 30934 | Swamp:2  | Noticed a thorn hunter
 30949 | Swamp:2  | Killed a thorn hunter
 30980 | Swamp:2  | Noticed a thorn hunter
 30987 | Swamp:2  | Killed a thorn hunter
 31196 | Swamp:2  | Noticed Frances
 31213 | Swamp:2  | HP: 33/134 [eight-headed hydra (8)]
 31705 | Swamp:2  | HP: 37/134 [seven-headed hydra (9)]
 32108 | Swamp:2  | Killed Frances
 32108 | Swamp:2  | Reached skill level 15 in Fighting
 32623 | Swamp:3  | Noticed a thorn hunter
 32635 | Swamp:3  | Killed a thorn hunter
 32805 | Swamp:3  | Gained mutation: You regenerate health from kills. [demonic ancestry]
 32805 | Swamp:3  | Reached XP level 17. HP: 142/142 MP: 25/25
 32828 | Swamp:3  | Noticed Nikola
 32840 | Swamp:3  | Killed Nikola
 32893 | Swamp:3  | Noticed Roxanne
 32992 | Swamp:3  | Reached skill level 14 in Maces & Flails
 33464 | Swamp:3  | Reached skill level 1 in Dodging
 34094 | Snake:1  | Entered Level 1 of the Snake Pit
 34100 | Snake:1  | Reached skill level 2 in Dodging
 34356 | Snake:1  | Reached skill level 3 in Dodging
 34535 | Snake:1  | Reached skill level 16 in Fighting
 34537 | Snake:1  | Reached skill level 4 in Dodging
 34977 | Snake:2  | Noticed Aizul
 34980 | Snake:2  | Reached skill level 5 in Dodging
 34997 | Snake:1  | Killed Aizul
 35067 | Snake:2  | Reached skill level 6 in Dodging
 35068 | Snake:2  | Found a radiant altar of Vehumet.
 35711 | Snake:2  | Reached skill level 7 in Dodging
 35844 | Snake:2  | Reached skill level 17 in Armour
 36050 | Snake:2  | Gained mutation: You are mostly covered in sharp spines. [demonic ancestry]
 36050 | Snake:2  | Reached XP level 18. HP: 144/151 MP: 26/26
 36281 | Snake:2  | Reached skill level 8 in Dodging
 37129 | Swamp:4  | Entered Level 4 of the Swamp
 37189 | Swamp:4  | Identified a scroll of acquirement
 37366 | Swamp:4  | Reached skill level 9 in Dodging
 37411 | Swamp:4  | Noticed the 27-headed Lernaean hydra
 37416 | Swamp:4  | Killed the 27-headed Lernaean hydra
 37426 | Swamp:4  | --Heh, first time I've just stood there and duked it out with Learny!
 37426 | Swamp:4  | --Yay for Devastator!
 37777 | Swamp:4  | Identified Sif Muna's Tome of Supportive Stolen Souls
 37962 | Swamp:4  | Got a decaying rune of Zot
 37982 | Swamp:4  | Got a bloodstained plate armour
 37983 | Swamp:4  | Identified the +3 plate armour of the Shining Light {Str+4 Int+3} (You found it on level 4 of the Swamp)
 38543 | Lair:1   | Found the +1 cloak of Starlight {rElec rC+ EV+4 Stlth--}
 38715 | Snake:4  | Entered Level 4 of the Snake Pit
 38850 | Snake:4  | Reached skill level 18 in Armour
 38963 | Snake:4  | Reached skill level 10 in Dodging
 39420 | Snake:4  | Found Lyit's Armour Emporium.
 39795 | Snake:4  | Got a serpentine rune of Zot
 40102 | Vaults:1 | Entered Level 1 of the Vaults
 40183 | Vaults:1 | Reached skill level 11 in Dodging
 40183 | Vaults:1 | Reached XP level 19. HP: 138/157 MP: 27/27
 40317 | Vaults:1 | Noticed Saint Roka
 40330 | Vaults:1 | Killed Saint Roka
 41340 | Vaults:1 | Paralysed by a great orb of eyes for 4 turns
 41620 | Vaults:2 | Reached skill level 12 in Dodging
 41635 | Vaults:2 | Reached skill level 19 in Armour
 42084 | Vaults:2 | Reached skill level 13 in Dodging
 42220 | Vaults:2 | Noticed Mennas
 42234 | Vaults:2 | HP: 46/157 [Mennas/sacred scourge of holy wrath (7)]
 43098 | Elf:1    | Entered Level 1 of the Elven Halls
 43103 | Elf:1    | Gained mutation: You are completely covered in sharp spines. [demonic ancestry]
 43103 | Elf:1    | Reached XP level 20. HP: 164/164 MP: 28/28
 43311 | Elf:1    | Found Xixtapti's Jewellery Shop.
 43538 | Elf:1    | Found Ugunirei's Distillery.
 43541 | Elf:1    | Bought a potion of ambrosia for 136 gold pieces
 43541 | Elf:1    | Bought a potion of haste for 170 gold pieces
 43584 | Elf:1    | Found Xobumpom's Antique Armour Boutique.
 43718 | Elf:1    | Found Fotiss's Armour Boutique.
 44076 | Elf:2    | Reached skill level 15 in Maces & Flails
 45037 | Elf:2    | Found a huge runed gate.
 45037 | Elf:2    | Found a huge runed gate.
 45038 | Elf:2    | Found a huge runed gate.
 45276 | Elf:2    | Reached skill level 16 in Maces & Flails
 45636 | Elf:3    | Entered Level 3 of the Elven Halls
 46544 | Elf:3    | Reached skill level 17 in Maces & Flails
 46661 | Elf:3    | Gained mutation: You have a pair of large horns on your head. [demonic ancestry]
 46661 | Elf:3    | Reached XP level 21. HP: 158/171 MP: 29/29
 46787 | Elf:3    | Reached skill level 18 in Maces & Flails
 46882 | Elf:3    | Got a shimmering whip {slash}
 46883 | Elf:3    | Identified the +2 whip of the Seer {slash, rF+ rC- Stlth+} (You took it off a deep elf mage on level 3 of the Elven Halls)
 46966 | Elf:3    | Cast into level 2 of the Abyss (a deep elf sorcerer)
 47215 | Elf:3    | Escaped the Abyss
 47262 | Elf:3    | Identified the Reference Book on Boosts and the Glacier
 47281 | Elf:3    | Got a bound iron ring
 47292 | Elf:3    | Identified the ring "Sibluock" {+Fly Int+4} (You found it on level 3 of the Elven Halls)
 48376 | Vaults:2 | Found Qeij's Assorted Antiques.
 48397 | Vaults:2 | Bought 2 scrolls of blinking for 435 gold pieces
 48493 | Vaults:2 | Found a staircase to the Crypt.
 48831 | Vaults:3 | Reached skill level 19 in Maces & Flails
 49570 | Vaults:3 | Noticed Jory
 49600 | Vaults:3 | HP: 51/171 [Jory/vampiric draining (31)]
 49601 | Vaults:3 | HP: 15/171 [Jory/vampiric draining (36)]
 49612 | Vaults:3 | HP: 47/171 [Jory/great sword of flaming (5)]
 49629 | Vaults:3 | Killed Jory
 49631 | Vaults:3 | HP: 20/171 [stone giant/large rock (26)]
 50660 | Vaults:4 | Reached skill level 20 in Maces & Flails
 50981 | Vaults:3 | Gained mutation: Your flesh is cold resistant. (rC+) [demonic ancestry]
 50981 | Vaults:3 | Reached XP level 22. HP: 144/178 MP: 30/30
 51288 | Vaults:4 | Paralysed by a great orb of eyes for 2 turns
 51506 | Vaults:4 | Reached skill level 20 in Armour
 51655 | Vaults:4 | Reached skill level 14 in Dodging
 52454 | Crypt:1  | Entered Level 1 of the Crypt
 52929 | Crypt:1  | Reached skill level 12 in Invocations
 52993 | Crypt:1  | Noticed Sojobo
 53022 | Crypt:1  | Killed Sojobo
 53276 | Crypt:1  | Reached skill level 13 in Invocations
 53313 | Crypt:1  | Found a blossoming altar of Fedhas.
 53577 | Crypt:2  | Noticed Bai Suzhen
 53608 | Crypt:2  | Killed Bai Suzhen
 53608 | Crypt:2  | Reached skill level 14 in Invocations
 53718 | Crypt:2  | HP: 48/178 [flayed ghost/flay_damage[a curse skull] (23)]
 53723 | Crypt:2  | HP: 26/178 [??? (24)]
 54698 | Crypt:3  | Entered Level 3 of the Crypt
 54698 | Crypt:3  | Found a staircase to the Tomb.
 54706 | Crypt:3  | Noticed Mara
 54715 | Crypt:3  | Noticed Gorice's illusion
 54975 | Crypt:3  | HP: 47/178 [eidolon/bolt of negative energy (39)]
 55623 | Crypt:1  | HP: 35/178 [??? (32)]
 55639 | Crypt:1  | HP: 22/178 [phantasmal warrior[a curse skull] (18)]
 56073 | Crypt:1  | Reached skill level 15 in Invocations
 56316 | Crypt:2  | Reached skill level 15 in Dodging
 56487 | Crypt:3  | Noticed Gorice's illusion
 56508 | Crypt:3  | Reached XP level 23. HP: 166/184 MP: 34/34
 56516 | Crypt:3  | Killed Mara
 56765 | Crypt:2  | Reached skill level 16 in Invocations
 57094 | Crypt:3  | Noticed an ancient lich
 57099 | Crypt:3  | Killed an ancient lich
 57138 | Crypt:3  | Noticed an ancient lich
 57220 | Crypt:3  | Killed an ancient lich
 57224 | Crypt:3  | Identified Avasab's Volume of Evil Rituals
 57234 | Crypt:3  | Identified Noveij's Disquisition on Transmutation and Summoning
 57721 | Elf:1    | Bought a twisted chain mail for 190 gold pieces
 57721 | Elf:1    | Identified the +7 chain mail of Prudence {rF+ Regen+ Str+5 Int-2} (You bought it in a shop on level 1 of the Elven Halls)
 57768 | Elf:1    | Bought an uncursed ring of see invisible for 180 gold pieces
 57931 | Lair:1   | Learned a level 1 spell: Summon Butterflies
 57934 | Lair:1   | Learned a level 2 spell: Blink
 57937 | Lair:1   | Learned a level 2 spell: Swiftness
 57941 | Lair:1   | Learned a level 3 spell: Regeneration
 57945 | Lair:1   | Learned a level 3 spell: Spectral Weapon
 58065 | Depths:1 | Entered Level 1 of the Depths
 58092 | Depths:1 | Found a gateway to Hell.
 58107 | Depths:1 | Found Pokhopn's Jewellery Emporium.
 58133 | Depths:1 | Reached skill level 17 in Invocations
 58174 | Depths:1 | Found Juddirche's Food Shoppe.
 58207 | Depths:1 | Reached skill level 2 in Translocations
 58320 | Depths:1 | Found a one-way gate leading to the halls of Pandemonium.
 58478 | Depths:1 | Reached skill level 3 in Spellcasting
 58840 | Depths:1 | Found a shimmering altar of Xom.
 59064 | Depths:2 | Reached skill level 3 in Translocations
 59205 | Depths:2 | Reached skill level 4 in Spellcasting
 59325 | Depths:2 | Reached skill level 4 in Translocations
 59596 | Depths:2 | Reached skill level 5 in Spellcasting
 59619 | Depths:2 | Reached skill level 16 in Dodging
 59667 | Depths:2 | Noticed a caustic shrike
 59676 | Depths:2 | Killed a caustic shrike
 59689 | Depths:2 | Reached skill level 5 in Translocations
 59718 | Depths:2 | Reached skill level 18 in Invocations
 59968 | Depths:2 | Reached skill level 1 in Summonings
 59998 | Depths:2 | Found a one-way gate to the infinite horrors of the Abyss.
 60001 | Depths:2 | Found a gateway to a ziggurat.
 60314 | Depths:3 | Reached skill level 6 in Spellcasting
 60314 | Depths:3 | Reached skill level 2 in Summonings
 60314 | Depths:3 | Gained mutation: You are immune to freezing clouds. [demonic ancestry]
 60314 | Depths:3 | Reached XP level 24. HP: 130/191 MP: 36/36
 60370 | Depths:3 | Reached skill level 6 in Translocations
 60514 | Depths:3 | Reached skill level 3 in Summonings
 60702 | Depths:3 | Reached skill level 4 in Summonings
 60732 | Depths:3 | Reached skill level 7 in Spellcasting
 60991 | Depths:3 | Reached skill level 7 in Translocations
 61018 | Depths:3 | Got a bone demon trident {vamp}
 61076 | Depths:3 | Reached skill level 5 in Summonings
 62052 | Depths:4 | Reached skill level 8 in Spellcasting
 62052 | Depths:4 | Reached skill level 6 in Summonings
 62200 | Depths:4 | Found Kahuc's Food Shop.
 62220 | Depths:4 | Reached skill level 8 in Translocations
 62364 | Depths:4 | Reached skill level 2 in Charms
 62413 | Depths:4 | Reached skill level 7 in Summonings
 62419 | Depths:4 | Reached skill level 3 in Charms
 62438 | Depths:4 | Noticed Margery
 62445 | Depths:4 | Killed Margery
 62445 | Depths:4 | Reached skill level 1 in Hexes
 62445 | Depths:4 | Reached skill level 1 in Necromancy
 62554 | Depths:4 | Reached skill level 2 in Necromancy
 62563 | Depths:4 | Reached skill level 2 in Hexes
 62651 | Depths:4 | Reached skill level 9 in Spellcasting
 62656 | Depths:4 | Found a shattered altar of Ashenzari.
 63093 | Depths:4 | Found Niej's Jewellery Shoppe.
 63093 | Depths:4 | Found Efisogol's Gadget Shop.
 63094 | Depths:4 | Found Tualeic's Jewellery Shoppe.
 63108 | Depths:4 | Bought a +6 ring of slaying for 2444 gold pieces
 63714 | Vaults:1 | Killed Mennas
 63714 | Vaults:1 | Reached skill level 3 in Hexes
 63714 | Vaults:1 | Reached skill level 4 in Charms
 63714 | Vaults:1 | Reached skill level 3 in Necromancy
 63716 | Vaults:1 | Got a distressingly furry large shield
 63872 | Lair:1   | Identified the +1 large shield "Ugihiogh" {SInv} (You took it off Mennas on level 1 of the Vaults)
 64130 | Depths:5 | Entered Level 5 of the Depths
 64137 | Depths:5 | Paralysed by a great orb of eyes for 7 turns
 64145 | Depths:5 | Noticed a juggernaut
 64145 | Depths:5 | HP: 51/191 [stone giant (14)]
 64150 | Depths:4 | HP: 39/191 [poisoned by a spriggan rider]
 64154 | Depths:4 | Reached skill level 1 in Shields
 64155 | Depths:4 | HP: 40/191 [poisoned by a spriggan rider]
 64160 | Depths:4 | HP: 39/191 [poisoned by a spriggan rider]
 64165 | Depths:4 | HP: 39/191 [poisoned by a spriggan rider]
 64171 | Depths:4 | HP: 40/191 [poisoned by a spriggan rider]
 64176 | Depths:4 | HP: 42/191 [poisoned by a spriggan rider]
 64184 | Depths:4 | HP: 46/191 [poisoned by a spriggan rider]
 64192 | Depths:4 | HP: 50/191 [poisoned by a spriggan rider]
 64397 | Depths:5 | Reached skill level 2 in Shields
 64443 | Depths:5 | Reached skill level 3 in Shields
 64554 | Depths:5 | Reached skill level 4 in Shields
 64640 | Depths:5 | Reached skill level 5 in Shields
 64643 | Depths:5 | Gained mutation: You are completely covered in icy blue scales. (AC +4, rC+) [demonic ancestry]
 64643 | Depths:5 | Reached XP level 25. HP: 170/197 MP: 36/36
 64748 | Depths:5 | Reached skill level 6 in Shields
 64786 | Depths:5 | Reached skill level 7 in Shields
 64825 | Depths:5 | Killed a juggernaut
 64825 | Depths:5 | Reached skill level 8 in Shields
 64935 | Depths:5 | Reached skill level 9 in Shields
 64971 | Depths:5 | Found a gate to the Realm of Zot.
 64980 | Depths:5 | Found a runed door.
 65001 | Depths:5 | Found a runed door.
 65057 | Depths:5 | Found a runed door.
 65090 | Depths:5 | Found a runed door.
 65135 | Depths:5 | Found a runed door.
 65150 | Depths:5 | Reached skill level 10 in Shields
 65256 | Depths:5 | Found a runed door.
 65501 | Depths:5 | Found a glowing golden altar of the Shining One.
 65964 | Slime:1  | Entered Level 1 of the Pits of Slime
 66037 | Slime:1  | Gained mutation: Your body sometimes deteriorates upon taking damage. [a shining eye]
 66038 | Slime:1  | Gained mutation: Your body often deteriorates upon taking damage. [a shining eye]
 66040 | Slime:1  | Gained mutation: You are clumsy. (Dex -2) [a shining eye]
 66122 | Slime:2  | Reached skill level 11 in Shields
 66296 | Slime:3  | Reached skill level 12 in Shields
 66338 | Slime:4  | Gained mutation: You are very clumsy. (Dex -4) [a shining eye]
 66341 | Slime:4  | Gained mutation: Potions are less effective at restoring your health. [a shining eye]
 66359 | Slime:4  | Lost mutation: Potions are less effective at restoring your health. [potion of mutation]
 66359 | Slime:4  | Lost mutation: You are very clumsy. (Dex -4) [potion of mutation]
 66359 | Slime:4  | Lost mutation: Your body often deteriorates upon taking damage. [potion of mutation]
 66359 | Slime:4  | Gained mutation: You occasionally shout uncontrollably at your foes. [potion of mutation]
 66359 | Slime:4  | Gained mutation: Your system is resistant to poisons. (rPois) [potion of mutation]
 66359 | Slime:4  | Gained mutation: You are somewhat resistant to further mutation. [potion of mutation]
 66371 | Slime:5  | Entered Level 5 of the Pits of Slime
 66386 | Slime:5  | Noticed the Royal Jelly
 67013 | Slime:4  | Reached skill level 13 in Shields
 67317 | Slime:5  | HP: 58/197 [acid[the Royal Jelly] (8)]
 67321 | Slime:4  | HP: 24/197 [acid[the Royal Jelly] (7)]
 67330 | Slime:3  | HP: 32/197 [acid[the Royal Jelly] (2)]
 67335 | Slime:3  | HP: 19/197 [acid[the Royal Jelly] (1)]
 67589 | Slime:5  | Found a viscous altar of Jiyva.
 67608 | Slime:5  | Killed the Royal Jelly
 67632 | Slime:5  | Thaneod: gj
 67634 | Slime:5  | Gorice: thx
 67668 | Slime:5  | Got a slimy rune of Zot
 67691 | Slime:5  | Reached skill level 14 in Shields
 67734 | Slime:5  | Identified the cursed +0 chain mail "Qaprul" {rC+++ MR- Regen+ Str-3} (You found it on level 5 of the Pits of Slime)
 67746 | Slime:5  | Got a crude ruby amulet
 67747 | Slime:5  | Identified the amulet "Qyto Ymnewn" {Reflect -Tele +Inv rN+++ Str-4 SH+3} (You found it on level 5 of the Pits of Slime)
 67768 | Slime:5  | Found the amulet of Vitality {Regen+ HP+15}
 67805 | Slime:5  | Got a pitted amber ring
 67806 | Slime:5  | Identified the ring "Galed" {Int+6 Stlth-} (You found it on level 5 of the Pits of Slime)
 68566 | Vaults:5 | Entered Level 5 of the Vaults
 68575 | Vaults:4 | Gained mutation: A frigid envelope surrounds you and freezes all who hurt you. [demonic ancestry]
 68575 | Vaults:4 | Reached XP level 26. HP: 204/204 MP: 29/36
 68716 | Vaults:4 | Reached skill level 15 in Shields
 68811 | Vaults:5 | Reached skill level 4 in Necromancy
 68830 | Vaults:5 | Reached skill level 4 in Hexes
 68857 | Vaults:5 | Reached skill level 5 in Charms
 68896 | Vaults:5 | Reached skill level 5 in Necromancy
 68931 | Vaults:5 | Reached skill level 5 in Hexes
 68953 | Vaults:5 | Reached skill level 10 in Spellcasting
 68965 | Vaults:5 | Reached skill level 6 in Charms
 68965 | Vaults:5 | Reached skill level 6 in Necromancy
 69031 | Vaults:5 | Reached skill level 6 in Hexes
 69120 | Vaults:5 | Reached skill level 7 in Necromancy
 69188 | Vaults:5 | Reached skill level 7 in Charms
 69298 | Vaults:5 | Reached skill level 7 in Hexes
 69321 | Vaults:5 | Reached skill level 8 in Necromancy
 69580 | Vaults:4 | Gorice: OK that's it for now...
 69607 | Vaults:5 | Got a silver rune of Zot
 69636 | Vaults:5 | Got a scintillating marble ring
 69639 | Vaults:5 | Identified the ring "Beleoruwn" {rC+ AC+1 Stlth+} (You found it on level 5 of the Vaults)
 70069 | Vaults:5 | Reached skill level 8 in Charms
 70075 | Vaults:5 | Reached skill level 8 in Hexes
 70610 | Lair:1   | Learned a level 3 spell: Portal Projectile
 70614 | Lair:1   | Learned a level 3 spell: Vampiric Draining
 70620 | Lair:1   | Learned a level 5 spell: Summon Mana Viper
 70828 | Vaults:2 | Bought a scroll of enchant weapon for 217 gold pieces
 71114 | Zot:1    | Entered Level 1 of the Realm of Zot
 71139 | Depths:5 | Reached skill level 9 in Necromancy
 71246 | Depths:5 | Reached skill level 2 in Throwing
 71255 | Depths:5 | Reached skill level 3 in Throwing
 71279 | Depths:5 | Gained mutation: You regenerate a lot of health from kills. [demonic ancestry]
 71279 | Depths:5 | Reached XP level 27. HP: 210/210 MP: 37/37
 71320 | Zot:1    | Reached skill level 4 in Throwing
 71339 | Zot:1    | Reached skill level 5 in Throwing
 71339 | Zot:1    | Reached skill level 8 in Summonings
 71400 | Zot:1    | Reached skill level 6 in Throwing
 71474 | Zot:1    | Reached skill level 7 in Throwing
 71486 | Zot:1    | Reached skill level 9 in Summonings
 71539 | Zot:1    | Reached skill level 8 in Throwing
 71576 | Zot:1    | Reached skill level 9 in Throwing
 71623 | Zot:1    | Reached skill level 10 in Summonings
 72117 | Zot:2    | Noticed an orb of fire
 72117 | Zot:2    | Reached skill level 10 in Throwing
 72133 | Zot:2    | Gained mutation: Potions are less effective at restoring your health. [an orb of fire]
 72134 | Zot:2    | Killed an orb of fire
 72259 | Zot:2    | Reached skill level 11 in Throwing
 72429 | Zot:2    | Reached skill level 11 in Summonings
 72878 | Zot:3    | Noticed an orb of fire
 72906 | Zot:3    | Killed an orb of fire
 72912 | Zot:3    | Reached skill level 12 in Summonings
 74277 | Zot:4    | Reached skill level 11 in Spellcasting
 74292 | Zot:5    | Entered Level 5 of the Realm of Zot
 74336 | Zot:5    | Reached skill level 17 in Fighting
 74489 | Zot:5    | Noticed an ancient lich
 74499 | Zot:5    | Killed an ancient lich
 74647 | Zot:5    | Reached skill level 13 in Summonings
 74648 | Zot:5    | Noticed an orb of fire
 74668 | Zot:4    | Killed an orb of fire
 74952 | Zot:5    | Noticed an ancient lich
 74962 | Zot:5    | Killed an ancient lich
 74962 | Zot:5    | Reached skill level 12 in Spellcasting
 75078 | Zot:5    | Reached skill level 14 in Summonings
 75244 | Zot:5    | Noticed an ancient lich
 75244 | Zot:5    | Noticed an orb of fire
 75262 | Zot:5    | HP: 61/232 [??? (59)]
 75262 | Zot:5    | Gained mutation: You are dopey. (Int -2) [an orb of fire]
 75265 | Zot:5    | Killed an orb of fire
 75265 | Zot:5    | Reached skill level 18 in Fighting
 75287 | Zot:4    | Lost mutation: You are clumsy. (Dex -2) [potion of mutation]
 75287 | Zot:4    | Gained mutation: Your flesh is very cold resistant. (rC++) [potion of mutation]
 75402 | Zot:5    | Noticed an orb of fire
 75411 | Zot:4    | Killed an orb of fire
 75540 | Zot:5    | HP: 62/234 [??? (59)]
 75801 | Zot:5    | Noticed an orb of fire
 75815 | Zot:5    | Noticed an orb of fire
 75827 | Zot:5    | Killed an orb of fire
 75829 | Zot:5    | Reached skill level 15 in Summonings
 75881 | Zot:5    | Killed an orb of fire
 76011 | Zot:5    | Reached skill level 19 in Fighting
 76033 | Zot:5    | Noticed an ancient lich
 76061 | Zot:5    | Killed an ancient lich
 76146 | Zot:5    | Got the Orb of Zot
 76218 | Zot:5    | Killed an ancient lich
 76836 | D:4      | Noticed a seraph
 76881 | D:3      | HP: 60/237 [??? (58)]
 76890 | D:3      | HP: 62/237 [Tzitzimitl (6)]
 76899 | D:3      | HP: 17/237 [Hell Sentinel/damnation (53)]
 76901 | D:3      | Noticed Meomuryk the pandemonium lord
 76904 | D:3      | HP: 27/237 [Ice Fiend[Meomuryk] (6)]
 76912 | D:3      | Killed from afar by Meomuryk the pandemonium lord

Vault maps used:
D:1:      dpeg_arrival_brainrot
D:2:      chequers_ecumenical_altar_grove, nicolae_qazlal_style_of_elements
D:3:      uniq_terence
D:4:      nicolae_overflow_hidden_temple, minmay_temple_entry_statues,
          first_bread, serial_shops,
          nicolae_shop_temple_entry_statues_fountains, uniq_duvessa
D:5:      lemuel_doored_altar, basic_altar, guppyfry_early_orc_mine,
          uniq_prince_ribbit1, uniq_grinder
D:6:      kennysheep_slug_shrine, chequers_temple_overflow_statue_of_worship,
          lemuel_old_faithful, uniq_edmund
D:7:      nicolae_ossuary_entry_false_entrances, serial_bayou_ford_a,
          grunt_ogre_cave, led_sif_pool, uniq_menkaure
D:8:      kennysheep_mini, makhleb_grotto_becter, serial_shops, shop,
          nicolae_shop_statue_plus, shop, nicolae_shop_waterfront,
          kennysheep_flooded_box
D:9:      lemuel_crystal_altar, orc_0_dummy, minmay_misc_feat_tiny,
          grunt_gozag_breadcrumbs, uniq_erolcha, uniq_grum
D:10:     basic_altar, serial_ice, serial_ice_d, serial_ice_f, serial_ice_o,
          serial_ice_b, serial_ice_e, serial_ice_n, serial_ice_h, serial_ice_m,
          serial_shops, shop, minmay_misc_feat_more_columns
D:11:     erik_lair_orcish_takeover, serial_shops, nicolae_shop_waterfront,
          nemelex_diamond_rough_becter, uniq_sonja
D:13:     fort_yaktaur
D:14:     minmay_roctagon, david_vaults_2, serial_park_tiny_2, basic_altar,
          portal_ice_cave_entry_ice_beasts, grunt_ministairs_4
D:15:     grunt_enter_depths_snipers, minivault_16, nicolae_wwwww,
          uniq_josephine
Temple:   hc_temple_tempest_star
Lair:1:   serial_bayou_pond_c, serial_bayou_pond_e, st_stairs_6, zaba_anthole,
          beast_lair_carwin_6, grunt_megastairs_3
Lair:2:   guppyfry_snake_entry_garden, grunt_megastairs_2
Lair:3:   serial_bayou_shore_b, uniq_nergalle
Lair:4:   regret_index_bee_streams, swamp_mist_pool, minmay_stone_trees_small
Lair:5:   infiniplex_staircase_pool
Lair:6:   guppyfry_lair_end_dragon, hangedman_lair_caniforms_friends,
          dpeg_slime_entry_enclosed_altar, kennysheep_snail_temple
Swamp:1:  evilmike_swamp_ruin_house_5, infiniplex_staircase_pool_2
Swamp:2:  nicolae_swamp_very_dense_foliage, uniq_frances
Swamp:3:  cheibrodos_swamp_heart_of_darkness, serial_swamp_ruin,
          evilmike_swamp_ruin_house_6, evilmike_swamp_ruin_house_2,
          hangedman_swamp_diagram, uniq_nikola, uniq_roxanne
Swamp:4:  swamp_old_school, statue_in_the_mist_lemuel
Snake:1:  serial_bayou_crossing
Snake:2:  basic_altar, serial_bayou_lagoon_b, uniq_aizul
Snake:3:  cheibrodos_forgotten_conduit, grunt_megastairs_1
Snake:4:  minmay_snake_end_coiled, serial_shops, shop
Slime:2:  nicolae_slime_phagocytosis
Slime:3:  cheibrodos_slime_lost_civilization_9
Slime:4:  uniq_dissolution
Orc:1:    serial_shops, shop, shop, shop, shop_statue
Orc:2:    grunt_orc_gardens, grunt_orc_garden, grunt_orc_garden,
          grunt_orc_garden, grunt_orc_garden, serial_shops, shop_statue,
          guppyfry_library_mini, uniq_nessos, uniq_rupert
Elf:1:    minmay_elf_arrival_plus, serial_shops, shop, shop, shop_fountains,
          nicolae_shop_behind_doors, hangedman_elf_represent,
          lemuel_flame_loot_1
Elf:2:    kennysheep_underground_church
Elf:3:    elf_hall, basic_stair_grate_trap
Vaults:1: vaults_mumra_lcd, nicolae_vaults_twisting_passages, v_alt_pattern_5,
          grunt_vaults_funnel, v_alt_pattern_1, vaults_room_corners,
          grunt_vaults_twisty, hangedman_vaults_slice, uniq_saint_roka
Vaults:2: minmay_crypt_entry_simple_round, v_rooms_4, nicolae_vaults_octagons,
          v_pattern_3, v_misc_10, nicolae_vaults_network_star,
          nicolae_vaults_puzzle_piece, nicolae_vaults_diagonal_hallway_7,
          nicolae_vaults_ring_of_whatevers, v_alt_pattern_3,
          ontoclasm_vaults_ring_small, ontoclasm_vaults_loading_screen,
          nicolae_vaults_little_squares_3, serial_shops, nicolae_shop_trees,
          uniq_mennas
Vaults:3: vaults_mumra_minichess_inversion, v_misc_8, v_pattern_5,
          vaults_dpeg_hooks, v_misc_29, v_misc_26, hangedman_vaults_unwind,
          vaults_standard_mumra_lines, ontoclasm_vaults_decontamination,
          uniq_jory
Vaults:4: hangedman_vaults_snaps, nicolae_vaults_network_s, v_misc_9,
          hangedman_vaults_cutoff, nicolae_vaults_little_squares_2,
          nicolae_vaults_little_ls, v_misc_26, vaults_room_semicircle
Crypt:1:  statuecave_lemuel, st_stairs_13, minmay_misc_feat_ornament,
          nicolae_crypt_fedhas_prevails, uniq_sojobo
Crypt:2:  roderic_lattice_octagonal_star, uniq_bai_suzhen
Crypt:3:  david_glass_crypt, uniq_mara
Depths:1: serial_bayou_pond_d, hell_entry, rand_demon_pan_entry_5,
          hangedman_decor_push, tgw_xom, serial_bayou_shore_b, minmay_shoptagon,
          serial_bayou_shore_b
Depths:2: kennysheep_windowed_halls, enter_ziggurat_c, hell_entry, abyss_entry,
          rand_demon_pan_entry_4, kennysheep_random_hallway,
          infiniplex_staircase_trident
Depths:3: evilmike_horseshoe, pan_entry, minmay_holes, hellmouth_1,
          infiniplex_staircase_split_hallway
Depths:4: minmay_mutant_horseshoe, serial_shops, nicolae_shop_trees,
          nicolae_ashenzari_panopticon, abyss_entry, pf_hell_entry_great_geh,
          stair_cage_line, minislime_mu, minmay_shop_grove, uniq_margery
Depths:5: evilmike_zot_entry_castle, tso_metal_star, hell_entry,
          serial_bayou_shore_b
Zot:1:    kennysheep_blocky_room
Zot:4:    grunt_zot_stairs_overgrown
Abyss:2:  minivault_28
Ossuary:  ossuary_tomb_2
IceCv:    ice_cave_caverns_02

Skill      XL: |  1  2  3  4  5  6  7  8  9 10 11 12 13 14 15 16 17 18 19 20 21 22 23 24 25 26 27 |
---------------+----------------------------------------------------------------------------------+-----
Armour         | 1 2 3 4 6 7 9 11 12 14 15 16 17 18 19 20 | 20.4
Fighting       | 3 6 10 12 13 15 16 19 | 19.3
Maces & Flails | 2 3 4 6 8 10 12 13 14 17 20 | 20.0
Invocations    | 9 11 15 18 | 18.0
Evocations     | 6 9 10 | 10.0
Dodging        | 7 11 13 15 16 | 16.4
Translocations | 5 8 |  8.0
Spellcasting   | 6 9 10 12 | 12.0
Summonings     | 2 7 15 | 15.5
Charms         | 4 8 |  8.0
Hexes          | 3 8 |  8.1
Necromancy     | 3 9 |  9.0
Shields        | 5 14 15 | 15.0
Throwing       | 3 11 | 11.4
Polearms       | |  1.0
Stealth        | |  1.0

Action                   |  1- 3 |  4- 6 |  7- 9 | 10-12 | 13-15 | 16-18 | 19-21 | 22-24 | 25-27 || total
-------------------------+-------+-------+-------+-------+-------+-------+-------+-------+-------++-------
Melee: Unarmed           |    33 |       |       |       |       |       |       |       |       ||    33
       Short sword       |    44 |       |       |       |       |       |       |       |       ||    44
       Headbutt          |    11 |     3 |    35 |   116 |   380 |   223 |   210 |   429 |   564 ||  1971
       Whip              |    11 |    55 |   208 |   574 |  1636 |    68 |       |       |       ||  2552
       Shillelagh        |       |       |       |       |       |   992 |   919 |  1388 |  1468 ||  4767
       Great mace        |       |       |       |       |       |       |    79 |       |       ||    79
       Demon whip        |       |       |       |       |       |       |       |    36 |   450 ||   486
 Fire: Blowgun           |     1 |     3 |     1 |       |       |     4 |       |       |       ||     9
Throw: Stone             |    23 |     3 |     1 |       |       |       |       |       |       ||    27
       Tomahawk          |       |     3 |    20 |    46 |    14 |    14 |       |     3 |       ||   100
       Javelin           |       |       |       |       |       |       |       |     2 |     8 ||    10
 Cast: Summon Butterflie |       |       |       |       |       |       |       |       |     4 ||     4
       Blink             |       |       |       |       |       |       |       |       |     3 ||     3
       Apportation       |       |       |       |       |       |       |       |       |     1 ||     1
Invok: Upheaval          |       |       |       |     3 |    10 |    19 |     5 |    36 |    21 ||    94
       Disaster Area     |       |       |       |       |       |     1 |       |       |       ||     1
       Elemental Force   |       |       |       |       |       |       |     1 |       |       ||     1
Evoke: Wand              |       |       |     3 |     3 |     5 |     2 |       |     1 |     1 ||    15
       Box of beasts     |       |       |       |       |       |       |     1 |       |       ||     1
  Use: Scroll            |     9 |     4 |     9 |     6 |     8 |    12 |    10 |    12 |    25 ||    95
       Potion            |       |     2 |       |     3 |     2 |     1 |     8 |     1 |    12 ||    29
 Stab: Paralysed         |       |       |       |     3 |       |       |       |       |       ||     3
       Confused          |       |       |       |       |       |     1 |       |       |       ||     1
  Eat: Chunk             |     4 |     3 |    11 |    21 |    35 |    22 |    30 |    23 |    25 ||   174
       Royal jelly       |       |       |       |     1 |     1 |     5 |     1 |     4 |     5 ||    17
       Bread ration      |       |       |       |     1 |       |       |       |       |       ||     1
       Meat ration       |       |       |       |       |       |     1 |       |     2 |     1 ||     4
       Fruit             |       |       |       |       |       |       |       |     2 |     1 ||     3
Armor: Ring mail         |    16 |       |       |       |       |       |       |       |       ||    16
       Robe              |     3 |       |       |       |       |       |       |       |       ||     3
       Scale mail        |    33 |    20 |    24 |       |       |       |       |       |       ||    77
       Plate armour      |       |       |    51 |   213 |   754 |   699 |   316 |   245 |       ||  2278
       Chain mail        |       |       |     1 |       |       |       |       |   254 |   677 ||   932
Dodge: Dodged            |    51 |    23 |    31 |    85 |   339 |   282 |   397 |   726 |   925 ||  2859
       Deflected         |       |       |       |     5 |    15 |    56 |    59 |    53 |    85 ||   273
Block: Other             |       |     1 |    15 |   111 |   432 |   339 |   246 |   358 |       ||  1502
       Shield            |       |       |       |       |       |       |       |    71 |  1539 ||  1610

Table legend:
 A = Spawn XP
 B = Non-spawn XP
 C = Spawn XP percentage of total XP
 D = Spawn monster count
 E = Non-spawn monster count
 F = Spawn count percentage of total count
 G = Total turns spent on level
                    A         B        C        D         E        F      G
               +---------+---------+-------+---------+---------+-------+---------
         Total |    8578 | 1887215 |   0.5 |       8 |    2685 |   0.3 | 76912
               +---------+---------+-------+---------+---------+-------+---------
           D:1 |       0 |      29 |   0.0 |       0 |      15 |   0.0 |  1132
           D:2 |       0 |      75 |   0.0 |       0 |      33 |   0.0 |  1084
           D:3 |       0 |     242 |   0.0 |       0 |      21 |   0.0 |  1039
           D:4 |       0 |     792 |   0.0 |       0 |      29 |   0.0 |  1272
           D:5 |       0 |    1244 |   0.0 |       0 |      17 |   0.0 |   648
           D:6 |       0 |     892 |   0.0 |       0 |      16 |   0.0 |   966
           D:7 |       0 |    1978 |   0.0 |       0 |      21 |   0.0 |  1596
           D:8 |       0 |    1797 |   0.0 |       0 |      14 |   0.0 |  1178
           D:9 |       0 |    5603 |   0.0 |       0 |      48 |   0.0 |  1513
          D:10 |       0 |    4292 |   0.0 |       0 |      35 |   0.0 |  1459
          D:11 |       0 |    9881 |   0.0 |       0 |      61 |   0.0 |  2785
          D:12 |       0 |    3499 |   0.0 |       0 |      13 |   0.0 |  1303
          D:13 |       0 |   17119 |   0.0 |       0 |      66 |   0.0 |  1522
          D:14 |       0 |   13934 |   0.0 |       0 |      35 |   0.0 |  1683
          D:15 |       0 |   15318 |   0.0 |       0 |      41 |   0.0 |  1081
        Lair:1 |       0 |    2826 |   0.0 |       0 |      16 |   0.0 |  1892
        Lair:2 |       0 |    5157 |   0.0 |       0 |      13 |   0.0 |  1443
        Lair:3 |       0 |   16151 |   0.0 |       0 |      62 |   0.0 |  2365
        Lair:4 |       0 |   11528 |   0.0 |       0 |      56 |   0.0 |  1451
        Lair:5 |       0 |   10753 |   0.0 |       0 |      51 |   0.0 |  1493
        Lair:6 |       0 |   36765 |   0.0 |       0 |     134 |   0.0 |  2340
       Swamp:1 |       0 |   11593 |   0.0 |       0 |      35 |   0.0 |  1316
       Swamp:2 |       0 |   16569 |   0.0 |       0 |      21 |   0.0 |  1088
       Swamp:3 |       0 |   22239 |   0.0 |       0 |      54 |   0.0 |  1419
       Swamp:4 |       0 |   30838 |   0.0 |       0 |      46 |   0.0 |  1241
       Snake:1 |       0 |   19758 |   0.0 |       0 |      28 |   0.0 |   698
       Snake:2 |       0 |   44453 |   0.0 |       0 |      83 |   0.0 |  1319
       Snake:3 |       0 |    8083 |   0.0 |       0 |      16 |   0.0 |   694
       Snake:4 |       0 |   37850 |   0.0 |       0 |      62 |   0.0 |  1179
       Slime:1 |       0 |    3118 |   0.0 |       0 |       8 |   0.0 |    78
       Slime:2 |       0 |   21679 |   0.0 |       0 |      29 |   0.0 |   379
       Slime:3 |       0 |   13940 |   0.0 |       0 |      12 |   0.0 |   109
       Slime:4 |       0 |   22861 |   0.0 |       0 |      21 |   0.0 |   988
       Slime:5 |       0 |   28125 |   0.0 |       0 |      24 |   0.0 |   334
         Orc:1 |       0 |    4120 |   0.0 |       0 |      24 |   0.0 |  1033
         Orc:2 |       0 |   13643 |   0.0 |       0 |      51 |   0.0 |  1332
         Elf:1 |       0 |   20707 |   0.0 |       0 |      31 |   0.0 |  1250
         Elf:2 |       0 |   47668 |   0.0 |       0 |      65 |   0.0 |  1385
         Elf:3 |       0 |   73567 |   0.0 |       0 |      66 |   0.0 |  1724
      Vaults:1 |       0 |   50842 |   0.0 |       0 |      73 |   0.0 |  2703
      Vaults:2 |       0 |   69112 |   0.0 |       0 |     101 |   0.0 |  2268
      Vaults:3 |       0 |   63546 |   0.0 |       0 |      73 |   0.0 |  1906
      Vaults:4 |       0 |   74060 |   0.0 |       0 |      87 |   0.0 |  1370
      Vaults:5 |       0 |  139181 |   0.0 |       0 |      99 |   0.0 |  1570
       Crypt:1 |       0 |   36839 |   0.0 |       0 |      45 |   0.0 |  1850
       Crypt:2 |       0 |   48794 |   0.0 |       0 |      49 |   0.0 |  2124
       Crypt:3 |       0 |   46876 |   0.0 |       0 |      34 |   0.0 |   725
      Depths:1 |       0 |   27456 |   0.0 |       0 |      49 |   0.0 |  1480
      Depths:2 |       0 |   73550 |   0.0 |       0 |      86 |   0.0 |  1101
      Depths:3 |       0 |   58471 |   0.0 |       0 |      70 |   0.0 |  1425
      Depths:4 |       0 |   70618 |   0.0 |       0 |      81 |   0.0 |  1578
      Depths:5 |       0 |  109484 |   0.0 |       0 |      92 |   0.0 |  1490
         Zot:1 |       0 |   70147 |   0.0 |       0 |      49 |   0.0 |   781
         Zot:2 |       0 |   43359 |   0.0 |       0 |      23 |   0.0 |   921
         Zot:3 |       0 |   29386 |   0.0 |       0 |      13 |   0.0 |   562
         Zot:4 |       0 |   62561 |   0.0 |       0 |      32 |   0.0 |  1370
         Zot:5 |       0 |  190801 |   0.0 |       0 |      70 |   0.0 |  1380
       Abyss:2 |    8578 |    8379 |  50.6 |       8 |      12 |  40.0 |   249
       Ossuary |       0 |     890 |   0.0 |       0 |      28 |   0.0 |   166
         IceCv |       0 |   12177 |   0.0 |       0 |      46 |   0.0 |   757
               +---------+---------+-------+---------+---------+-------+---------

Table legend:
 A = Turns spent in this place as a percentage of turns spent in the entire game.
 B = Non-inter-level travel turns spent in this place as a percentage of non-inter-level travel turns spent in the entire game.
 C = Inter-level travel turns spent in this place as a percentage of turns spent in this place.
 D = Turns resting spent in this place as a percentage of non-inter-level travel turns spent in this place.
 E = Turns spent auto-exploring this place as a percentage of non-inter-level travel turns spent in this place.
 F = Non-inter-level travel turns spent in this place divided by the number of levels of this place that you've seen.
                   A       B       C       D       E      F
               +-------+-------+-------+-------+-------+----------------------
         Total | 100.0 | 100.0 |  13.3 |  22.2 |  36.1 | 1092.7
       Dungeon |  26.3 |  24.5 |  19.3 |  22.2 |  45.3 | 1090.2
        Temple |   0.4 |   0.4 |   9.2 |   0.0 |  98.6 | 295.0
          Lair |  14.3 |  13.9 |  15.8 |  25.3 |  34.3 | 1540.8
         Swamp |   6.6 |   7.1 |   7.1 |  25.4 |  45.4 | 1175.8
     Snake Pit |   5.1 |   5.5 |   6.2 |  16.0 |  38.6 | 912.0
    Slime Pits |   2.5 |   2.7 |   5.5 |  46.0 |   0.0 | 356.8
  Orcish Mines |   3.1 |   3.1 |  13.7 |  27.0 |  31.0 | 1021.0
   Elven Halls |   5.7 |   5.6 |  14.1 |   5.7 |  51.6 | 1248.3
        Vaults |  12.8 |  12.7 |  13.5 |  22.7 |  25.4 | 1697.4
         Crypt |   6.1 |   6.8 |   3.4 |  51.6 |  23.2 | 1512.3
        Depths |   9.2 |   8.9 |  16.2 |   7.6 |  39.6 | 1185.8
           Zot |   6.5 |   7.1 |   6.0 |  16.1 |  30.7 | 942.4
         Abyss |   0.3 |   0.4 |   0.0 |   0.0 |   0.0 | 249.0
       Ossuary |   0.2 |   0.2 |   0.0 |   0.0 |   0.0 | 166.0
      Ice Cave |   1.0 |   1.1 |   0.0 |   0.0 |   8.7 | 757.0
               +-------+-------+-------+-------+-------+----------------------

Vault maps used:
D:1:      dpeg_arrival_brainrot
D:2:      chequers_ecumenical_altar_grove, nicolae_qazlal_style_of_elements
D:3:      uniq_terence
D:4:      nicolae_overflow_hidden_temple, minmay_temple_entry_statues,
          first_bread, serial_shops,
          nicolae_shop_temple_entry_statues_fountains, uniq_duvessa
D:5:      lemuel_doored_altar, basic_altar, guppyfry_early_orc_mine,
          uniq_prince_ribbit1, uniq_grinder
D:6:      kennysheep_slug_shrine, chequers_temple_overflow_statue_of_worship,
          lemuel_old_faithful, uniq_edmund
D:7:      nicolae_ossuary_entry_false_entrances, serial_bayou_ford_a,
          grunt_ogre_cave, led_sif_pool, uniq_menkaure
D:8:      kennysheep_mini, makhleb_grotto_becter, serial_shops, shop,
          nicolae_shop_statue_plus, shop, nicolae_shop_waterfront,
          kennysheep_flooded_box
D:9:      lemuel_crystal_altar, orc_0_dummy, minmay_misc_feat_tiny,
          grunt_gozag_breadcrumbs, uniq_erolcha, uniq_grum
D:10:     basic_altar, serial_ice, serial_ice_d, serial_ice_f, serial_ice_o,
          serial_ice_b, serial_ice_e, serial_ice_n, serial_ice_h, serial_ice_m,
          serial_shops, shop, minmay_misc_feat_more_columns
D:11:     erik_lair_orcish_takeover, serial_shops, nicolae_shop_waterfront,
          nemelex_diamond_rough_becter, uniq_sonja
D:13:     fort_yaktaur
D:14:     minmay_roctagon, david_vaults_2, serial_park_tiny_2, basic_altar,
          portal_ice_cave_entry_ice_beasts, grunt_ministairs_4
D:15:     grunt_enter_depths_snipers, minivault_16, nicolae_wwwww,
          uniq_josephine
Temple:   hc_temple_tempest_star
Lair:1:   serial_bayou_pond_c, serial_bayou_pond_e, st_stairs_6, zaba_anthole,
          beast_lair_carwin_6, grunt_megastairs_3
Lair:2:   guppyfry_snake_entry_garden, grunt_megastairs_2
Lair:3:   serial_bayou_shore_b, uniq_nergalle
Lair:4:   regret_index_bee_streams, swamp_mist_pool, minmay_stone_trees_small
Lair:5:   infiniplex_staircase_pool
Lair:6:   guppyfry_lair_end_dragon, hangedman_lair_caniforms_friends,
          dpeg_slime_entry_enclosed_altar, kennysheep_snail_temple
Swamp:1:  evilmike_swamp_ruin_house_5, infiniplex_staircase_pool_2
Swamp:2:  nicolae_swamp_very_dense_foliage, uniq_frances
Swamp:3:  cheibrodos_swamp_heart_of_darkness, serial_swamp_ruin,
          evilmike_swamp_ruin_house_6, evilmike_swamp_ruin_house_2,
          hangedman_swamp_diagram, uniq_nikola, uniq_roxanne
Swamp:4:  swamp_old_school, statue_in_the_mist_lemuel
Snake:1:  serial_bayou_crossing
Snake:2:  basic_altar, serial_bayou_lagoon_b, uniq_aizul
Snake:3:  cheibrodos_forgotten_conduit, grunt_megastairs_1
Snake:4:  minmay_snake_end_coiled, serial_shops, shop
Slime:2:  nicolae_slime_phagocytosis
Slime:3:  cheibrodos_slime_lost_civilization_9
Slime:4:  uniq_dissolution
Orc:1:    serial_shops, shop, shop, shop, shop_statue
Orc:2:    grunt_orc_gardens, grunt_orc_garden, grunt_orc_garden,
          grunt_orc_garden, grunt_orc_garden, serial_shops, shop_statue,
          guppyfry_library_mini, uniq_nessos, uniq_rupert
Elf:1:    minmay_elf_arrival_plus, serial_shops, shop, shop, shop_fountains,
          nicolae_shop_behind_doors, hangedman_elf_represent,
          lemuel_flame_loot_1
Elf:2:    kennysheep_underground_church
Elf:3:    elf_hall, basic_stair_grate_trap
Vaults:1: vaults_mumra_lcd, nicolae_vaults_twisting_passages, v_alt_pattern_5,
          grunt_vaults_funnel, v_alt_pattern_1, vaults_room_corners,
          grunt_vaults_twisty, hangedman_vaults_slice, uniq_saint_roka
Vaults:2: minmay_crypt_entry_simple_round, v_rooms_4, nicolae_vaults_octagons,
          v_pattern_3, v_misc_10, nicolae_vaults_network_star,
          nicolae_vaults_puzzle_piece, nicolae_vaults_diagonal_hallway_7,
          nicolae_vaults_ring_of_whatevers, v_alt_pattern_3,
          ontoclasm_vaults_ring_small, ontoclasm_vaults_loading_screen,
          nicolae_vaults_little_squares_3, serial_shops, nicolae_shop_trees,
          uniq_mennas
Vaults:3: vaults_mumra_minichess_inversion, v_misc_8, v_pattern_5,
          vaults_dpeg_hooks, v_misc_29, v_misc_26, hangedman_vaults_unwind,
          vaults_standard_mumra_lines, ontoclasm_vaults_decontamination,
          uniq_jory
Vaults:4: hangedman_vaults_snaps, nicolae_vaults_network_s, v_misc_9,
          hangedman_vaults_cutoff, nicolae_vaults_little_squares_2,
          nicolae_vaults_little_ls, v_misc_26, vaults_room_semicircle
Crypt:1:  statuecave_lemuel, st_stairs_13, minmay_misc_feat_ornament,
          nicolae_crypt_fedhas_prevails, uniq_sojobo
Crypt:2:  roderic_lattice_octagonal_star, uniq_bai_suzhen
Crypt:3:  david_glass_crypt, uniq_mara
Depths:1: serial_bayou_pond_d, hell_entry, rand_demon_pan_entry_5,
          hangedman_decor_push, tgw_xom, serial_bayou_shore_b, minmay_shoptagon,
          serial_bayou_shore_b
Depths:2: kennysheep_windowed_halls, enter_ziggurat_c, hell_entry, abyss_entry,
          rand_demon_pan_entry_4, kennysheep_random_hallway,
          infiniplex_staircase_trident
Depths:3: evilmike_horseshoe, pan_entry, minmay_holes, hellmouth_1,
          infiniplex_staircase_split_hallway
Depths:4: minmay_mutant_horseshoe, serial_shops, nicolae_shop_trees,
          nicolae_ashenzari_panopticon, abyss_entry, pf_hell_entry_great_geh,
          stair_cage_line, minislime_mu, minmay_shop_grove, uniq_margery
Depths:5: evilmike_zot_entry_castle, tso_metal_star, hell_entry,
          serial_bayou_shore_b
Zot:1:    kennysheep_blocky_room
Zot:4:    grunt_zot_stairs_overgrown
Abyss:2:  minivault_28
Ossuary:  ossuary_tomb_2
IceCv:    ice_cave_caverns_02
